VEGAS Golden Knights vs MINNESOTA Wild

Created - 6 octobre 2018 at 17:59

Goals
1 2 3 T
VEGAS Golden Knights 0 2 0 2
MINNESOTA Wild 2 1 3 6
Shots
1 2 3 T
VEGAS Golden Knights 4 11 5 20
MINNESOTA Wild 8 9 19 36

1st period

1. MINNESOTA Wild , Alex Pietrangelo 1 (Mark Borowiecki 1) at 8:09
2. MINNESOTA Wild , James van Riemsdyk 1 (Sean Monahan 1) at 16:45 (PP)

Penalties :
J.T. Miller (MIN) for Hooking (Minor) at 4:27, Brenden Dillon (VGK) for Slashing (Double Minor) at 14:30

2nd period

3. VEGAS Golden Knights , Calle Jarnkrok 2 (Matt Stajan 1, Joonas Donskoi 1) at 9:43
4. MINNESOTA Wild , Kyle Okposo 1 (Yanni Gourde 1) at 11:58
5. VEGAS Golden Knights , Mattias Janmark 1 (Brendan Smith 1) at 17:15

Penalties :
Alex Pietrangelo (MIN) for Holding (Minor) at 0:19

3rd period

6. MINNESOTA Wild , Alex Pietrangelo 2 (Ryan Getzlaf 1, Taylor Hall 1) at 5:26
7. MINNESOTA Wild , Yanni Gourde 2 (Kyle Okposo 1, Vladislav Namestnikov 2) at 13:04
8. MINNESOTA Wild , Taylor Hall 1 (Alex Pietrangelo 1, Ryan Getzlaf 2) at 13:18

Penalties :
Brenden Dillon (VGK) for Interference (Minor) at 6:05

Goalie Stats

Charlie Lindgren (VGK), 30 saves from 36 shots - (0,833), L, 0-2-0, 60:00 minutes
Pekka Rinne (MIN), 18 saves from 20 shots - (0,900), W, 2-0-0, 60:00 minutes

Players Stats for VEGAS Golden Knights

Player Name              G  A  P  +/- PIM S  H  SB GA TA FO     MP     PP MP  PK MP  
------------------------------------------------------------------------------------
Antoine Roussel          0  0  0  -2  0   2  4  0  0  0  9/22   20:05   1:57   0:00 
Brendan Smith            0  1  1   1  0   1  1  2  0  0  0/0    21:07   2:01   1:42 
Brenden Dillon           0  0  0   0  6   0  1  1  0  0  0/0    21:57   2:01   0:00 
Calle Jarnkrok           1  0  1   1  0   2  0  0  0  0  0/0    12:08   0:00   0:43 
Cody Eakin               0  0  0  -1  0   0  3  0  0  0  2/3    19:48   2:01   2:53 
Connor Carrick           0  0  0   1  0   0  2  1  0  0  0/0    12:48   0:00   1:29 
Joel Ward                0  0  0  -1  0   1  2  2  0  0  9/20   14:54   0:00   0:00 
Joonas Donskoi           0  1  1   1  0   1  0  0  0  0  0/0    11:05   0:00   0:00 
Jordan Oesterle          0  0  0   0  0   1  1  2  0  0  0/0    18:05   1:57   2:03 
Justin Braun             0  0  0  -4  0   0  1  4  0  0  0/0    21:17   0:00   0:24 
Marc Methot              0  0  0  -4  0   0  1  3  0  0  0/0    24:04   1:57   2:50 
Markus Granlund          0  0  0  -2  0   4  0  0  0  0  1/2    20:05   1:57   0:00 
Matt Stajan              0  1  1   1  0   1  1  0  0  0  10/16  14:07   2:01   1:01 
Mattias Janmark          1  0  1  -1  0   5  0  0  0  0  1/5    18:12   1:57   1:21 
Melker Karlsson          0  0  0  -1  0   0  0  0  0  0  0/0     7:41   0:00   0:00 
Michael Raffl            0  0  0  -1  0   2  1  0  0  0  4/6     8:01   0:00   0:00 
Nick Bjugstad            0  0  0  -2  0   0  0  0  0  0  2/6    22:39   2:01   2:30 
Tyler Ennis              0  0  0  -1  0   0  1  0  0  0  0/1     7:41   0:00   0:00 

Players Stats for MINNESOTA Wild

Player Name              G  A  P  +/- PIM S  H  SB GA TA FO     MP     PP MP  PK MP  
------------------------------------------------------------------------------------
Alex Pietrangelo         2  1  3   2  2   4  0  1  0  0  0/0    24:49   2:42   1:30 
Alexander Kerfoot        0  0  0  -1  0   0  0  0  0  0  0/0     4:52   0:00   0:00 
J.T. Miller              0  0  0  -1  2   4  2  0  0  0  0/0    18:06   1:32   0:00 
James van Riemsdyk       1  0  1  -1  0   4  2  0  0  0  3/4    18:07   1:32   0:00 
Jean-Gabriel Pageau      0  0  0  -1  0   0  0  0  0  0  5/7     6:15   0:00   1:23 
Joel Armia               0  0  0  -1  0   0  0  0  0  0  2/2     4:52   0:00   0:00 
Kyle Okposo              1  1  2   3  0   3  1  0  0  0  0/1    10:26   0:00   0:00 
Marc-Edouard Vlasic      0  0  0   0  0   1  2  1  0  0  0/0    20:25   1:32   0:53 
Mark Borowiecki          0  1  1   2  0   3  3  0  0  0  0/0    15:00   0:00   1:57 
Morgan Rielly            0  0  0   0  0   1  2  2  0  0  0/0    20:25   1:32   0:53 
Nikita Kucherov          0  0  0   2  0   3  1  1  0  0  1/2    22:37   2:42   0:00 
Ron Hainsey              0  0  0   1  0   0  1  0  0  0  0/0    25:41   2:42   2:14 
Ryan Getzlaf             0  2  2   2  0   4  1  0  0  0  19/29  24:09   2:42   1:32 
Sean Monahan             0  1  1  -1  0   4  1  0  0  0  7/24   18:07   1:32   0:00 
Taylor Hall              1  1  2   2  0   2  1  0  0  0  0/0    24:09   2:42   1:32 
Vladislav Namestnikov    0  1  1   3  0   1  0  1  0  0  6/12   11:29   0:00   1:03 
Yanni Gourde             1  1  2   3  0   1  0  0  0  0  0/0    12:52   0:00   2:26 
Zach Werenski            0  0  0   1  0   1  0  1  0  0  0/0    13:39   0:00   0:29 

3 Stars

1 - Alex Pietrangelo (MIN)
2 - Kyle Okposo (MIN)
3 - Yanni Gourde (MIN)

Power Play

VEGAS Golden Knights - 0 on 2 Attempt(s) - 0,00%
MINNESOTA Wild - 1 on 3 Attempt(s) - 33,33%

Penalty Kill

VEGAS Golden Knights - 2 on 3 Attempt(s) - 66,67% - Score 0 goal in Penalty Kill
MINNESOTA Wild - 2 on 2 Attempt(s) - 100,00% - Score 0 goal in Penalty Kill

Team Stat

VEGAS Golden Knights - Hits : 19 - Faceoff Wins : 38 - Blocked Shots : 15 - Penalty Minutes : 6
MINNESOTA Wild - Hits : 17 - Faceoff Wins : 43 - Blocked Shots : 7 - Penalty Minutes : 4

Official

Referees : Unknown
Linesman : Unknown

Game Notes

Connor Carrick is injured at 7:19 of 3rd period (Upper Body)

Finance

Level 1 -- Attendance: 4722 (72,65%) -- Ticket Income 481 644 $
Level 2 -- Attendance: 3833 (63,88%) -- Ticket Income 233 813 $
Level 3 -- Attendance: 2103 (70,10%) -- Ticket Income 71 502 $
Level 4 -- Attendance: 2792 (69,80%) -- Ticket Income 69 800 $
Luxury Box -- Attendance: 811 (81,10%) -- Ticket Income 167 066 $
Game was played at the Xcel Energy Center.
Total Attendance: 14261 (69,57%)
Total Ticket Income: 1 023 825 $
Other Income: 399 292 $
Total Income: 1 423 117 $

VEGAS Golden Knights

5 vs 5 Forward 
   Center                   Left Wing                Right Wing               Time % Phy DF OF 
 1 Antoine Roussel          Nick Bjugstad            Markus Granlund          45     3   1  1  
 2 Joel Ward                Mattias Janmark          Cody Eakin               30     1   2  2  
 3 Matt Stajan              Joonas Donskoi           Calle Jarnkrok           15     1   2  2  
 4 Michael Raffl            Melker Karlsson          Tyler Ennis              10     1   2  2  

5 vs 5 Defense 
   Defense                  Defense                                           Time % Phy DF OF 
 1 Justin Braun             Marc Methot                                       40     1   2  2  
 2 Brenden Dillon           Brendan Smith                                     30     1   2  2  
 3 Connor Carrick           Jordan Oesterle                                   20     1   2  2  
 4 Brenden Dillon           Justin Braun                                      10     1   2  2  

PowerPlay Forward 
   Center                   Left Wing                Right Wing               Time % Phy DF OF 
 1 Antoine Roussel          Mattias Janmark          Markus Granlund          60     1   2  2  
 2 Cody Eakin               Nick Bjugstad            Matt Stajan              40     1   2  2  

PowerPlay Defense
   Defense                  Defense                                           Time % Phy DF OF 
 1 Jordan Oesterle          Marc Methot                                       60     1   2  2  
 2 Brenden Dillon           Brendan Smith                                     40     1   2  2  

Penalty Kill 4 Players Forward 
   Center                   Wing                     Time % Phy DF OF 
 1 Nick Bjugstad            Cody Eakin               60     1   2  2  
 2 Mattias Janmark          Matt Stajan              40     1   2  2  

Penalty Kill 4 Players Defense
   Defense                  Defense                  Time % Phy DF OF 
 1 Marc Methot              Brenden Dillon           60     1   2  2  
 2 Jordan Oesterle          Brendan Smith            40     1   2  2  

Penalty Kill - 3 Players Forward 
   Forward                                           Time % Phy DF OF 
 1 Mattias Janmark                                   60     1   2  2  
 2 Cody Eakin                                        40     1   2  2  

Penalty Kill - 3 Players Defense
   Defense                  Defense                  Time % Phy DF OF 
 1 Marc Methot              Jordan Oesterle          60     1   2  2  
 2 Brenden Dillon           Brendan Smith            40     1   2  2  

4 vs 4 Forward 
   Center                   Wing                     Time % Phy DF OF 
 1 Cody Eakin               Markus Granlund          60     1   2  2  
 2 Mattias Janmark          Matt Stajan              40     1   2  2  

4 vs 4 Defense
   Defense                  Defense                  Time % Phy DF OF 
 1 Marc Methot              Brenden Dillon           60     1   2  2  
 2 Jordan Oesterle          Brendan Smith            40     1   2  2  

Last Minutes Offensive
   Center                   Left Wing                Right Wing               Defense                  Defense                  
   Antoine Roussel          Mattias Janmark          Markus Granlund          Justin Braun             Marc Methot              

Last Minutes Defensive
   Center                   Left Wing                Right Wing               Defense                  Defense                  
   Antoine Roussel          Mattias Janmark          Markus Granlund          Justin Braun             Marc Methot              

Goaltenders
Starting : Charlie Lindgren         
Backup : Chad Johnson             

Extra Forwards
Normal : Cody Eakin, Mattias Janmark, Matt Stajan - PP : Mattias Janmark, Matt Stajan - PK : Mattias Janmark
Extra Defensemen
Normal : Jordan Oesterle, Brenden Dillon, Brendan Smith - PP : Brenden Dillon - PK : Brenden Dillon, Brendan Smith
Penalty Shots
Cody Eakin, Nick Bjugstad, Matt Stajan, Mattias Janmark, Markus Granlund

MINNESOTA Wild

5 vs 5 Forward 
   Center                   Left Wing                Right Wing               Time % Phy DF OF 
 1 Ryan Getzlaf             Taylor Hall              Nikita Kucherov          40     1   2  2  
 2 Sean Monahan             James van Riemsdyk       J.T. Miller              30     1   2  2  
 3 Vladislav Namestnikov    Yanni Gourde             Kyle Okposo              20     1   2  2  
 4 Jean-Gabriel Pageau      Alexander Kerfoot        Joel Armia               10     1   2  2  

5 vs 5 Defense 
   Defense                  Defense                                           Time % Phy DF OF 
 1 Alex Pietrangelo         Ron Hainsey                                       40     1   2  2  
 2 Marc-Edouard Vlasic      Morgan Rielly                                     30     1   2  2  
 3 Zach Werenski            Mark Borowiecki                                   20     1   2  2  
 4 Alex Pietrangelo         Ron Hainsey                                       10     1   2  2  

PowerPlay Forward 
   Center                   Left Wing                Right Wing               Time % Phy DF OF 
 1 Ryan Getzlaf             Taylor Hall              Nikita Kucherov          60     0   2  3  
 2 Sean Monahan             James van Riemsdyk       J.T. Miller              40     0   2  3  

PowerPlay Defense
   Defense                  Defense                                           Time % Phy DF OF 
 1 Alex Pietrangelo         Ron Hainsey                                       60     1   2  2  
 2 Marc-Edouard Vlasic      Morgan Rielly                                     40     1   2  2  

Penalty Kill 4 Players Forward 
   Center                   Wing                     Time % Phy DF OF 
 1 Jean-Gabriel Pageau      Yanni Gourde             60     1   3  1  
 2 Ryan Getzlaf             Taylor Hall              40     1   3  1  

Penalty Kill 4 Players Defense
   Defense                  Defense                  Time % Phy DF OF 
 1 Alex Pietrangelo         Ron Hainsey              60     1   3  1  
 2 Marc-Edouard Vlasic      Morgan Rielly            40     1   3  1  

Penalty Kill - 3 Players Forward 
   Forward                                           Time % Phy DF OF 
 1 Ryan Getzlaf                                      60     1   2  2  
 2 Yanni Gourde                                      40     1   2  2  

Penalty Kill - 3 Players Defense
   Defense                  Defense                  Time % Phy DF OF 
 1 Alex Pietrangelo         Ron Hainsey              60     1   2  2  
 2 Marc-Edouard Vlasic      Morgan Rielly            40     1   2  2  

4 vs 4 Forward 
   Center                   Wing                     Time % Phy DF OF 
 1 Ryan Getzlaf             Nikita Kucherov          60     0   2  3  
 2 Sean Monahan             Taylor Hall              40     1   2  2  

4 vs 4 Defense
   Defense                  Defense                  Time % Phy DF OF 
 1 Alex Pietrangelo         Ron Hainsey              60     1   2  2  
 2 Marc-Edouard Vlasic      Morgan Rielly            40     1   2  2  

Last Minutes Offensive
   Center                   Left Wing                Right Wing               Defense                  Defense                  
   Ryan Getzlaf             Nikita Kucherov          J.T. Miller              Alex Pietrangelo         Ron Hainsey              

Last Minutes Defensive
   Center                   Left Wing                Right Wing               Defense                  Defense                  
   Ryan Getzlaf             Nikita Kucherov          J.T. Miller              Alex Pietrangelo         Ron Hainsey              

Goaltenders
Starting : Pekka Rinne              
Backup : John Gibson              

Extra Forwards
Normal : Yanni Gourde, Vladislav Namestnikov, Jean-Gabriel Pageau - PP : Yanni Gourde, Vladislav Namestnikov - PK : Jean-Gabriel Pageau
Extra Defensemen
Normal : Zach Werenski, Mark Borowiecki, Marc-Edouard Vlasic - PP : Zach Werenski - PK : Mark Borowiecki, Marc-Edouard Vlasic
Penalty Shots
Nikita Kucherov, Ryan Getzlaf, Taylor Hall, Sean Monahan, J.T. Miller


% Time on Ice - VEGAS Golden Knights

Lines # - Real PCT - Wanted PCT - Time Play
Normal Forward
1 - 35% - 45% - 18:08
2 - 29% - 30% - 14:54
3 - 21% - 15% - 11:05
4 - 15% - 10% - 7:41
Normal Defense
1 - 35% - 40% - 17:53
2 - 31% - 30% - 16:16
3 - 28% - 20% - 14:39
4 - 6% - 10% - 3:00
PP Forward
1 - 49% - 60% - 1:57
2 - 51% - 40% - 2:01
PP Defense
1 - 49% - 60% - 1:57
2 - 51% - 40% - 2:01
PK Forward
1 - 76% - 60% - 3:13
2 - 24% - 40% - 1:01
PK Defense
1 - 67% - 60% - 2:50
2 - 33% - 40% - 1:24
PK3 Forward
1 - 0% - 60%
2 - 0% - 40%
PK3 Defense
1 - 0% - 60%
2 - 0% - 40%
44 Forward
1 - 0% - 60%
2 - 0% - 40%
44 Defense
1 - 0% - 60%
2 - 0% - 40%
Last Minute Offensive  - 0:00
Last Minute Defensive  - 0:00
Total
Forward - 60:00
Defense - 60:00

% Time on Ice - MINNESOTA Wild

Lines # - Real PCT - Wanted PCT - Time Play
Normal Forward
1 - 38% - 40% - 19:55
2 - 32% - 30% - 16:35
3 - 20% - 20% - 10:26
4 - 9% - 10% - 4:52
Normal Defense
1 - 36% - 40% - 18:52
2 - 35% - 30% - 18:00
3 - 26% - 20% - 13:40
4 - 2% - 10% - 1:16
PP Forward
1 - 64% - 60% - 2:42
2 - 36% - 40% - 1:32
PP Defense
1 - 64% - 60% - 2:42
2 - 36% - 40% - 1:32
PK Forward
1 - 61% - 60% - 2:26
2 - 39% - 40% - 1:32
PK Defense
1 - 74% - 60% - 2:56
2 - 26% - 40% - 1:02
PK3 Forward
1 - 0% - 60%
2 - 0% - 40%
PK3 Defense
1 - 0% - 60%
2 - 0% - 40%
44 Forward
1 - 0% - 60%
2 - 0% - 40%
44 Defense
1 - 0% - 60%
2 - 0% - 40%
Last Minute Offensive  - 0:00
Last Minute Defensive  - 0:00
Total
Forward - 60:00
Defense - 60:00

Play by Play

1st period


0:01 of 1st period - Antoine Roussel wins face-off versus Ryan Getzlaf in neutral zone.
0:03 of 1st period - Off-side.
0:04 of 1st period - Joel Ward wins face-off versus Sean Monahan in neutral zone.
0:07 of 1st period - Shot by Mattias Janmark.
0:07 of 1st period - Stopped by Pekka Rinne with a rebound.
0:29 of 1st period - Shot by J.T. Miller.
0:29 of 1st period - Shot Blocked by Joel Ward.
0:31 of 1st period - Shot by Morgan Rielly.
0:31 of 1st period - Stopped by Charlie Lindgren without a rebound.
0:32 of 1st period - Nikita Kucherov wins face-off versus Markus Granlund in VEGAS Golden Knights zone.
2:10 of 1st period - Shot by Vladislav Namestnikov.
2:10 of 1st period - Stopped by Charlie Lindgren without a rebound.
2:11 of 1st period - Jean-Gabriel Pageau wins face-off versus Joel Ward in VEGAS Golden Knights zone.
2:22 of 1st period - Shot by Mattias Janmark.
2:22 of 1st period - Stopped by Pekka Rinne with a rebound.
3:03 of 1st period - Icing by Marc-Edouard Vlasic.
3:04 of 1st period - Antoine Roussel wins face-off versus Jean-Gabriel Pageau in MINNESOTA Wild zone.
3:13 of 1st period - Alexander Kerfoot is hit by Antoine Roussel and loses puck.
4:23 of 1st period - Melker Karlsson is hit by J.T. Miller and loses puck.
4:27 of 1st period - Minor Penalty to J.T. Miller for Hooking.
4:28 of 1st period - Cody Eakin wins face-off versus Ryan Getzlaf in MINNESOTA Wild zone.
5:42 of 1st period - Shot by Markus Granlund.
5:42 of 1st period - Shot Misses the Net.
5:44 of 1st period - Shot by Markus Granlund.
5:44 of 1st period - Stopped by Pekka Rinne with a rebound.
6:08 of 1st period - Vladislav Namestnikov is hit by Antoine Roussel and loses puck.
6:39 of 1st period - J.T. Miller is hit by Michael Raffl and loses puck.
7:27 of 1st period - Ryan Getzlaf is hit by Brendan Smith.
7:53 of 1st period - Shot by Joonas Donskoi.
7:53 of 1st period - Shot Misses the Net.
7:56 of 1st period - Icing by Mark Borowiecki.
7:57 of 1st period - Joel Ward wins face-off versus Vladislav Namestnikov in MINNESOTA Wild zone.
8:09 of 1st period - Shot by Alex Pietrangelo.
8:09 of 1st period - Goal by Alex Pietrangelo - VEGAS Golden Knights : 0 - MINNESOTA Wild : 1.
8:10 of 1st period - James van Riemsdyk wins face-off versus Antoine Roussel in neutral zone.
8:17 of 1st period - Shot by J.T. Miller.
8:17 of 1st period - Deflect By Sean Monahan.
8:17 of 1st period - Stopped by Charlie Lindgren with a rebound.
8:38 of 1st period - Sean Monahan is hit by Connor Carrick.
8:53 of 1st period - Icing by Zach Werenski.
8:54 of 1st period - Sean Monahan wins face-off versus Joel Ward in MINNESOTA Wild zone.
9:11 of 1st period - Shot by Mattias Janmark.
9:11 of 1st period - Shot Misses the Net.
9:28 of 1st period - Off-side.
9:29 of 1st period - Matt Stajan wins face-off versus Vladislav Namestnikov in neutral zone.
9:37 of 1st period - Shot by Kyle Okposo.
9:37 of 1st period - Stopped by Charlie Lindgren with a rebound.
9:39 of 1st period - Shot by Yanni Gourde.
9:39 of 1st period - Shot Misses the Net.
9:41 of 1st period - Shot by Yanni Gourde.
9:41 of 1st period - Shot Misses the Net.
9:43 of 1st period - Shot by Vladislav Namestnikov.
9:43 of 1st period - Shot Blocked by Brenden Dillon.
11:14 of 1st period - Icing by Ron Hainsey.
11:15 of 1st period - Ryan Getzlaf wins face-off versus Joel Ward in MINNESOTA Wild zone.
11:56 of 1st period - Shot by J.T. Miller.
11:56 of 1st period - Shot Misses the Net.
11:58 of 1st period - Shot by James van Riemsdyk.
11:58 of 1st period - Shot Blocked by Joel Ward.
12:53 of 1st period - Icing by Brendan Smith.
12:54 of 1st period - Matt Stajan wins face-off versus Nikita Kucherov in VEGAS Golden Knights zone.
13:05 of 1st period - Shot by Matt Stajan.
13:05 of 1st period - Stopped by Pekka Rinne without a rebound.
13:06 of 1st period - Ryan Getzlaf wins face-off versus Antoine Roussel in MINNESOTA Wild zone.
14:30 of 1st period - Double Minor Penalty to Brenden Dillon for Slashing.
14:31 of 1st period - Sean Monahan wins face-off versus Nick Bjugstad in VEGAS Golden Knights zone.
15:22 of 1st period - Shot by Taylor Hall.
15:22 of 1st period - Shot Blocked by Marc Methot.
15:32 of 1st period - Shot by Ryan Getzlaf.
15:32 of 1st period - Stopped by Charlie Lindgren without a rebound.
15:33 of 1st period - Ryan Getzlaf wins face-off versus Mattias Janmark in VEGAS Golden Knights zone.
15:46 of 1st period - Icing by Ron Hainsey.
15:47 of 1st period - Ryan Getzlaf wins face-off versus Mattias Janmark in MINNESOTA Wild zone.
16:28 of 1st period - Off-side.
16:29 of 1st period - Nick Bjugstad wins face-off versus Sean Monahan in neutral zone.
16:34 of 1st period - Marc Methot is hit by James van Riemsdyk and loses puck.
16:45 of 1st period - Shot by James van Riemsdyk.
16:45 of 1st period - Goal by James van Riemsdyk - VEGAS Golden Knights : 0 - MINNESOTA Wild : 2.
16:46 of 1st period - Vladislav Namestnikov wins face-off versus Matt Stajan in neutral zone.
16:59 of 1st period - Joonas Donskoi is hit by Mark Borowiecki and loses puck.
18:05 of 1st period - Shot by Marc-Edouard Vlasic.
18:05 of 1st period - Shot Misses the Net.
18:41 of 1st period - Icing by Jordan Oesterle.
18:42 of 1st period - Ryan Getzlaf wins face-off versus Michael Raffl in VEGAS Golden Knights zone.
18:47 of 1st period - Shot by Ryan Getzlaf.
18:47 of 1st period - Stopped by Charlie Lindgren without a rebound.
18:48 of 1st period - Ryan Getzlaf wins face-off versus Antoine Roussel in VEGAS Golden Knights zone.
Goals for this period are 0 for VEGAS Golden Knights vs 2 for MINNESOTA Wild.
Shots for this period are 4 for VEGAS Golden Knights vs 8 for MINNESOTA Wild.

2nd period


0:01 of 2nd period - Ryan Getzlaf wins face-off versus Antoine Roussel in neutral zone.
0:18 of 2nd period - Shot by Markus Granlund.
0:18 of 2nd period - Stopped by Pekka Rinne with a rebound.
0:19 of 2nd period - Minor Penalty to Alex Pietrangelo for Holding.
0:20 of 2nd period - Jean-Gabriel Pageau wins face-off versus Cody Eakin in MINNESOTA Wild zone.
0:20 of 2nd period - Jean-Gabriel Pageau is hit by Cody Eakin.
1:12 of 2nd period - Shot by Jordan Oesterle.
1:12 of 2nd period - Stopped by Pekka Rinne without a rebound.
1:13 of 2nd period - Jean-Gabriel Pageau wins face-off versus Antoine Roussel in MINNESOTA Wild zone.
3:04 of 2nd period - James van Riemsdyk is hit by Tyler Ennis.
4:10 of 2nd period - Icing by Melker Karlsson.
4:11 of 2nd period - Michael Raffl wins face-off versus Vladislav Namestnikov in VEGAS Golden Knights zone.
4:48 of 2nd period - Zach Werenski is hit by Antoine Roussel and loses puck.
4:59 of 2nd period - Shot by Markus Granlund.
4:59 of 2nd period - Stopped by Pekka Rinne without a rebound.
5:00 of 2nd period - Joel Ward wins face-off versus Sean Monahan in MINNESOTA Wild zone.
5:13 of 2nd period - Shot by Mattias Janmark.
5:13 of 2nd period - Stopped by Pekka Rinne without a rebound.
5:14 of 2nd period - Ryan Getzlaf wins face-off versus Matt Stajan in MINNESOTA Wild zone.
5:25 of 2nd period - Nikita Kucherov is hit by Jordan Oesterle and loses puck.
5:38 of 2nd period - Shot by Nikita Kucherov.
5:38 of 2nd period - Stopped by Charlie Lindgren with a rebound.
5:40 of 2nd period - Shot by Alex Pietrangelo.
5:40 of 2nd period - Stopped by Charlie Lindgren with a rebound.
6:28 of 2nd period - Shot by J.T. Miller.
6:28 of 2nd period - Stopped by Charlie Lindgren without a rebound.
6:29 of 2nd period - Vladislav Namestnikov wins face-off versus Antoine Roussel in VEGAS Golden Knights zone.
7:49 of 2nd period - Icing by Nick Bjugstad.
7:50 of 2nd period - Antoine Roussel wins face-off versus Sean Monahan in VEGAS Golden Knights zone.
9:09 of 2nd period - Shot by Taylor Hall.
9:09 of 2nd period - Stopped by Charlie Lindgren without a rebound.
9:10 of 2nd period - Jean-Gabriel Pageau wins face-off versus Matt Stajan in VEGAS Golden Knights zone.
9:23 of 2nd period - Shot by Calle Jarnkrok.
9:23 of 2nd period - Shot Blocked by Zach Werenski.
9:25 of 2nd period - Shot by Matt Stajan.
9:25 of 2nd period - Shot Misses the Net.
9:43 of 2nd period - Shot by Calle Jarnkrok.
9:43 of 2nd period - Goal by Calle Jarnkrok - VEGAS Golden Knights : 1 - MINNESOTA Wild : 2.
9:44 of 2nd period - Michael Raffl wins face-off versus Ryan Getzlaf in neutral zone.
9:47 of 2nd period - Shot by Melker Karlsson.
9:47 of 2nd period - Shot Blocked by Alex Pietrangelo.
10:11 of 2nd period - Shot by Ryan Getzlaf.
10:11 of 2nd period - Stopped by Charlie Lindgren without a rebound.
10:12 of 2nd period - Antoine Roussel wins face-off versus Sean Monahan in VEGAS Golden Knights zone.
10:12 of 2nd period - Antoine Roussel is hit by Sean Monahan.
10:31 of 2nd period - Connor Carrick is hit by J.T. Miller and loses puck.
11:58 of 2nd period - Shot by Kyle Okposo.
11:58 of 2nd period - Goal by Kyle Okposo - VEGAS Golden Knights : 1 - MINNESOTA Wild : 3.
11:59 of 2nd period - Vladislav Namestnikov wins face-off versus Matt Stajan in neutral zone.
12:08 of 2nd period - Icing by Joonas Donskoi.
12:09 of 2nd period - Matt Stajan wins face-off versus Sean Monahan in VEGAS Golden Knights zone.
12:21 of 2nd period - Icing by Joonas Donskoi.
12:22 of 2nd period - Jean-Gabriel Pageau wins face-off versus Matt Stajan in VEGAS Golden Knights zone.
12:26 of 2nd period - Icing by Brendan Smith.
12:27 of 2nd period - Matt Stajan wins face-off versus Ryan Getzlaf in VEGAS Golden Knights zone.
12:27 of 2nd period - Matt Stajan is hit by Taylor Hall.
13:12 of 2nd period - Icing by Brendan Smith.
13:13 of 2nd period - Matt Stajan wins face-off versus Sean Monahan in VEGAS Golden Knights zone.
13:32 of 2nd period - Shot by Sean Monahan.
13:32 of 2nd period - Stopped by Charlie Lindgren without a rebound.
13:33 of 2nd period - Joel Ward wins face-off versus Kyle Okposo in VEGAS Golden Knights zone.
13:33 of 2nd period - Joel Ward is hit by Kyle Okposo.
13:36 of 2nd period - Icing by Marc Methot.
13:37 of 2nd period - Sean Monahan wins face-off versus Joel Ward in VEGAS Golden Knights zone.
13:37 of 2nd period - Sean Monahan is hit by Justin Braun.
13:50 of 2nd period - Sean Monahan is hit by Marc Methot and loses puck.
13:55 of 2nd period - Shot by J.T. Miller.
13:55 of 2nd period - Shot Blocked by Justin Braun.
13:57 of 2nd period - Shot by Alex Pietrangelo.
13:57 of 2nd period - Stopped by Charlie Lindgren without a rebound.
13:58 of 2nd period - Markus Granlund wins face-off versus Ryan Getzlaf in VEGAS Golden Knights zone.
14:10 of 2nd period - Shot by Antoine Roussel.
14:10 of 2nd period - Shot Blocked by Nikita Kucherov.
14:12 of 2nd period - Shot by Nick Bjugstad.
14:12 of 2nd period - Shot Misses the Net.
14:18 of 2nd period - Shot by Antoine Roussel.
14:18 of 2nd period - Stopped by Pekka Rinne without a rebound.
14:19 of 2nd period - Sean Monahan wins face-off versus Joel Ward in MINNESOTA Wild zone.
14:19 of 2nd period - Sean Monahan is hit by Joel Ward.
14:44 of 2nd period - Cody Eakin is hit by Ron Hainsey and loses puck.
14:53 of 2nd period - Shot by Cody Eakin.
14:53 of 2nd period - Shot Misses the Net.
14:55 of 2nd period - Shot by Marc Methot.
14:55 of 2nd period - Shot Misses the Net.
14:57 of 2nd period - Shot by Joel Ward.
14:57 of 2nd period - Stopped by Pekka Rinne with a rebound.
15:38 of 2nd period - Shot by Antoine Roussel.
15:38 of 2nd period - Stopped by Pekka Rinne without a rebound.
15:39 of 2nd period - Matt Stajan wins face-off versus Vladislav Namestnikov in MINNESOTA Wild zone.
15:40 of 2nd period - Shot by Calle Jarnkrok.
15:40 of 2nd period - Shot Blocked by Vladislav Namestnikov.
15:50 of 2nd period - Kyle Okposo is hit by Matt Stajan and loses puck.
16:05 of 2nd period - Kyle Okposo is hit by Connor Carrick.
16:49 of 2nd period - Shot by Nick Bjugstad.
16:49 of 2nd period - Shot Misses the Net.
16:51 of 2nd period - Shot by Justin Braun.
16:51 of 2nd period - Shot Blocked by Morgan Rielly.
16:53 of 2nd period - Shot by Justin Braun.
16:53 of 2nd period - Shot Blocked by Morgan Rielly.
16:55 of 2nd period - Shot by Markus Granlund.
16:55 of 2nd period - Stopped by Pekka Rinne without a rebound.
16:56 of 2nd period - Cody Eakin wins face-off versus Sean Monahan in MINNESOTA Wild zone.
16:59 of 2nd period - Shot by Mattias Janmark.
16:59 of 2nd period - Shot Misses the Net.
17:15 of 2nd period - Shot by Mattias Janmark.
17:15 of 2nd period - Goal by Mattias Janmark - VEGAS Golden Knights : 2 - MINNESOTA Wild : 3.
17:16 of 2nd period - Ryan Getzlaf wins face-off versus Antoine Roussel in neutral zone.
17:21 of 2nd period - Icing by Marc Methot.
17:22 of 2nd period - Antoine Roussel wins face-off versus Ryan Getzlaf in VEGAS Golden Knights zone.
17:24 of 2nd period - Markus Granlund is hit by Nikita Kucherov and loses puck.
17:45 of 2nd period - Shot by Nikita Kucherov.
17:45 of 2nd period - Shot Misses the Net.
17:51 of 2nd period - Alex Pietrangelo is hit by Antoine Roussel and loses puck.
18:25 of 2nd period - Icing by Morgan Rielly.
18:26 of 2nd period - Joel Ward wins face-off versus James van Riemsdyk in MINNESOTA Wild zone.
18:51 of 2nd period - Shot by Sean Monahan.
18:51 of 2nd period - Stopped by Charlie Lindgren without a rebound.
18:52 of 2nd period - Michael Raffl wins face-off versus Jean-Gabriel Pageau in VEGAS Golden Knights zone.
19:19 of 2nd period - Shot by Michael Raffl.
19:19 of 2nd period - Shot Misses the Net.
19:21 of 2nd period - Shot by Michael Raffl.
19:21 of 2nd period - Stopped by Pekka Rinne without a rebound.
19:22 of 2nd period - Ryan Getzlaf wins face-off versus Joel Ward in MINNESOTA Wild zone.
19:22 of 2nd period - Ryan Getzlaf is hit by Cody Eakin.
19:35 of 2nd period - Shot by Alex Pietrangelo.
19:35 of 2nd period - Shot Misses the Net.
Goals for this period are 2 for VEGAS Golden Knights vs 1 for MINNESOTA Wild.
Shots for this period are 11 for VEGAS Golden Knights vs 9 for MINNESOTA Wild.

3rd period


0:01 of 3rd period - Ryan Getzlaf wins face-off versus Antoine Roussel in neutral zone.
0:12 of 3rd period - Shot by Nikita Kucherov.
0:12 of 3rd period - Stopped by Charlie Lindgren with a rebound.
1:21 of 3rd period - Mattias Janmark is hit by Marc-Edouard Vlasic and loses puck.
1:26 of 3rd period - Shot by Mattias Janmark.
1:26 of 3rd period - Shot Misses the Net.
1:28 of 3rd period - Shot by Mattias Janmark.
1:28 of 3rd period - Stopped by Pekka Rinne without a rebound.
1:29 of 3rd period - Vladislav Namestnikov wins face-off versus Matt Stajan in MINNESOTA Wild zone.
1:40 of 3rd period - Icing by Yanni Gourde.
1:41 of 3rd period - Mattias Janmark wins face-off versus Vladislav Namestnikov in MINNESOTA Wild zone.
2:14 of 3rd period - Shot by Mark Borowiecki.
2:14 of 3rd period - Stopped by Charlie Lindgren without a rebound.
2:15 of 3rd period - Matt Stajan wins face-off versus Ryan Getzlaf in VEGAS Golden Knights zone.
2:42 of 3rd period - Shot by Calle Jarnkrok.
2:42 of 3rd period - Shot Misses the Net.
2:59 of 3rd period - Off-side.
3:00 of 3rd period - Antoine Roussel wins face-off versus Sean Monahan in neutral zone.
3:02 of 3rd period - Off-side.
3:03 of 3rd period - Sean Monahan wins face-off versus Antoine Roussel in neutral zone.
3:14 of 3rd period - Shot by J.T. Miller.
3:14 of 3rd period - Shot Misses the Net.
3:33 of 3rd period - Off-side.
3:34 of 3rd period - Ryan Getzlaf wins face-off versus Joel Ward in neutral zone.
3:45 of 3rd period - Shot by Ryan Getzlaf.
3:45 of 3rd period - Deflect By Taylor Hall.
3:45 of 3rd period - Shot Misses the Net.
3:48 of 3rd period - Icing by Brendan Smith.
3:49 of 3rd period - Joel Armia wins face-off versus Joel Ward in VEGAS Golden Knights zone.
4:02 of 3rd period - Shot by Brendan Smith.
4:02 of 3rd period - Shot Misses the Net.
4:19 of 3rd period - Brenden Dillon is hit by Mark Borowiecki and loses puck.
4:31 of 3rd period - Icing by Zach Werenski.
4:32 of 3rd period - Joel Armia wins face-off versus Nick Bjugstad in MINNESOTA Wild zone.
4:39 of 3rd period - Shot by Zach Werenski.
4:39 of 3rd period - Shot Misses the Net.
4:41 of 3rd period - Shot by Mark Borowiecki.
4:41 of 3rd period - Stopped by Charlie Lindgren without a rebound.
4:42 of 3rd period - Ryan Getzlaf wins face-off versus Antoine Roussel in VEGAS Golden Knights zone.
5:24 of 3rd period - Shot by Ryan Getzlaf.
5:24 of 3rd period - Shot Misses the Net.
5:26 of 3rd period - Shot by Alex Pietrangelo.
5:26 of 3rd period - Goal by Alex Pietrangelo - VEGAS Golden Knights : 2 - MINNESOTA Wild : 4.
5:27 of 3rd period - James van Riemsdyk wins face-off versus Joel Ward in neutral zone.
5:29 of 3rd period - J.T. Miller is hit by Joel Ward.
5:47 of 3rd period - Shot by J.T. Miller.
5:47 of 3rd period - Shot Blocked by Brendan Smith.
5:49 of 3rd period - Shot by James van Riemsdyk.
5:49 of 3rd period - Shot Blocked by Brendan Smith.
5:51 of 3rd period - Shot by Marc-Edouard Vlasic.
5:51 of 3rd period - Shot Misses the Net.
6:05 of 3rd period - Minor Penalty to Brenden Dillon for Interference.
6:06 of 3rd period - Nick Bjugstad wins face-off versus Ryan Getzlaf in VEGAS Golden Knights zone.
7:11 of 3rd period - Shot by James van Riemsdyk.
7:11 of 3rd period - Stopped by Charlie Lindgren with a rebound.
7:13 of 3rd period - Shot by Marc-Edouard Vlasic.
7:13 of 3rd period - Stopped by Charlie Lindgren without a rebound.
7:14 of 3rd period - Sean Monahan wins face-off versus Mattias Janmark in VEGAS Golden Knights zone.
7:19 of 3rd period - Shot by Marc-Edouard Vlasic.
7:19 of 3rd period - Shot Blocked by Connor Carrick.
7:19 of 3rd period - Connor Carrick from VEGAS Golden Knights is injured at 7:19 of 3rd period (Upper Body).
7:20 of 3rd period - Ryan Getzlaf wins face-off versus Nick Bjugstad in VEGAS Golden Knights zone.
8:01 of 3rd period - Shot by Marc-Edouard Vlasic.
8:01 of 3rd period - Shot Misses the Net.
8:03 of 3rd period - Shot by Sean Monahan.
8:03 of 3rd period - Stopped by Charlie Lindgren without a rebound.
8:04 of 3rd period - Sean Monahan wins face-off versus Mattias Janmark in VEGAS Golden Knights zone.
8:10 of 3rd period - Vladislav Namestnikov is hit by Brenden Dillon and loses puck.
9:01 of 3rd period - Joonas Donskoi is hit by Mark Borowiecki and loses puck.
9:22 of 3rd period - Shot by Calle Jarnkrok.
9:22 of 3rd period - Stopped by Pekka Rinne without a rebound.
9:23 of 3rd period - Ryan Getzlaf wins face-off versus Antoine Roussel in MINNESOTA Wild zone.
9:48 of 3rd period - Shot by Marc Methot.
9:48 of 3rd period - Shot Misses the Net.
10:20 of 3rd period - Shot by Mattias Janmark.
10:20 of 3rd period - Shot Misses the Net.
10:22 of 3rd period - Shot by Brendan Smith.
10:22 of 3rd period - Stopped by Pekka Rinne with a rebound.
11:06 of 3rd period - Shot by Joonas Donskoi.
11:06 of 3rd period - Stopped by Pekka Rinne without a rebound.
11:07 of 3rd period - Michael Raffl wins face-off versus Sean Monahan in MINNESOTA Wild zone.
11:08 of 3rd period - Shot by Melker Karlsson.
11:08 of 3rd period - Shot Misses the Net.
11:11 of 3rd period - Icing by Marc-Edouard Vlasic.
11:12 of 3rd period - Antoine Roussel wins face-off versus Sean Monahan in MINNESOTA Wild zone.
11:25 of 3rd period - Icing by Antoine Roussel.
11:26 of 3rd period - Antoine Roussel wins face-off versus Vladislav Namestnikov in VEGAS Golden Knights zone.
11:37 of 3rd period - Shot by Kyle Okposo.
11:37 of 3rd period - Stopped by Charlie Lindgren without a rebound.
11:38 of 3rd period - James van Riemsdyk wins face-off versus Joel Ward in VEGAS Golden Knights zone.
11:43 of 3rd period - Shot by James van Riemsdyk.
11:43 of 3rd period - Stopped by Charlie Lindgren without a rebound.
11:44 of 3rd period - Antoine Roussel wins face-off versus Sean Monahan in VEGAS Golden Knights zone.
12:06 of 3rd period - Shot by James van Riemsdyk.
12:06 of 3rd period - Deflect By J.T. Miller.
12:06 of 3rd period - Shot Misses the Net.
12:12 of 3rd period - Shot by J.T. Miller.
12:12 of 3rd period - Shot Blocked by Marc Methot.
12:14 of 3rd period - Shot by Marc-Edouard Vlasic.
12:14 of 3rd period - Shot Misses the Net.
12:16 of 3rd period - Shot by J.T. Miller.
12:16 of 3rd period - Stopped by Charlie Lindgren with a rebound.
12:20 of 3rd period - Shot by Sean Monahan.
12:20 of 3rd period - Shot Blocked by Justin Braun.
12:22 of 3rd period - Shot by Morgan Rielly.
12:22 of 3rd period - Shot Blocked by Marc Methot.
12:28 of 3rd period - Shot by J.T. Miller.
12:28 of 3rd period - Stopped by Charlie Lindgren without a rebound.
12:29 of 3rd period - Joel Ward wins face-off versus Ryan Getzlaf in VEGAS Golden Knights zone.
12:31 of 3rd period - Icing by Brenden Dillon.
12:32 of 3rd period - Ryan Getzlaf wins face-off versus Joel Ward in VEGAS Golden Knights zone.
12:48 of 3rd period - Shot by Nikita Kucherov.
12:48 of 3rd period - Stopped by Charlie Lindgren without a rebound.
12:49 of 3rd period - Vladislav Namestnikov wins face-off versus Tyler Ennis in VEGAS Golden Knights zone.
13:04 of 3rd period - Shot by Yanni Gourde.
13:04 of 3rd period - Goal by Yanni Gourde - VEGAS Golden Knights : 2 - MINNESOTA Wild : 5.
13:05 of 3rd period - Ryan Getzlaf wins face-off versus Antoine Roussel in neutral zone.
13:18 of 3rd period - Shot by Taylor Hall.
13:18 of 3rd period - Goal by Taylor Hall - VEGAS Golden Knights : 2 - MINNESOTA Wild : 6.
13:19 of 3rd period - Joel Ward wins face-off versus Sean Monahan in neutral zone.
13:43 of 3rd period - Shot by Cody Eakin.
13:43 of 3rd period - Shot Blocked by Marc-Edouard Vlasic.
13:59 of 3rd period - Shot by Marc-Edouard Vlasic.
13:59 of 3rd period - Shot Misses the Net.
14:13 of 3rd period - Ron Hainsey is hit by Cody Eakin and loses puck.
14:24 of 3rd period - Brendan Smith is hit by Ryan Getzlaf.
15:35 of 3rd period - Shot by Kyle Okposo.
15:35 of 3rd period - Shot Misses the Net.
15:45 of 3rd period - Shot by Kyle Okposo.
15:45 of 3rd period - Shot Blocked by Justin Braun.
15:47 of 3rd period - Shot by Mark Borowiecki.
15:47 of 3rd period - Stopped by Charlie Lindgren with a rebound.
15:49 of 3rd period - Shot by Yanni Gourde.
15:49 of 3rd period - Shot Blocked by Justin Braun.
16:07 of 3rd period - Markus Granlund is hit by Morgan Rielly and loses puck.
16:24 of 3rd period - Justin Braun is hit by Marc-Edouard Vlasic and loses puck.
16:30 of 3rd period - Off-side.
16:31 of 3rd period - Matt Stajan wins face-off versus Sean Monahan in neutral zone.
16:48 of 3rd period - Shot by James van Riemsdyk.
16:48 of 3rd period - Shot Blocked by Jordan Oesterle.
16:50 of 3rd period - Shot by James van Riemsdyk.
16:50 of 3rd period - Stopped by Charlie Lindgren without a rebound.
16:51 of 3rd period - Ryan Getzlaf wins face-off versus Michael Raffl in VEGAS Golden Knights zone.
17:10 of 3rd period - Shot by Melker Karlsson.
17:10 of 3rd period - Deflect By Michael Raffl.
17:10 of 3rd period - Stopped by Pekka Rinne without a rebound.
17:11 of 3rd period - Matt Stajan wins face-off versus Sean Monahan in MINNESOTA Wild zone.
17:43 of 3rd period - Icing by Joonas Donskoi.
17:44 of 3rd period - Matt Stajan wins face-off versus Ryan Getzlaf in VEGAS Golden Knights zone.
17:57 of 3rd period - Shot by Ryan Getzlaf.
17:57 of 3rd period - Shot Blocked by Jordan Oesterle.
18:19 of 3rd period - Off-side.
18:20 of 3rd period - Joel Ward wins face-off versus Sean Monahan in neutral zone.
18:44 of 3rd period - Shot by Sean Monahan.
18:44 of 3rd period - Deflect By J.T. Miller.
18:44 of 3rd period - Stopped by Charlie Lindgren without a rebound.
18:45 of 3rd period - Vladislav Namestnikov wins face-off versus Antoine Roussel in VEGAS Golden Knights zone.
18:48 of 3rd period - Shot by Yanni Gourde.
18:48 of 3rd period - Shot Hit the Post.
18:50 of 3rd period - Shot by Zach Werenski.
18:50 of 3rd period - Stopped by Charlie Lindgren without a rebound.
18:51 of 3rd period - Ryan Getzlaf wins face-off versus Nick Bjugstad in VEGAS Golden Knights zone.
19:04 of 3rd period - Shot by Ryan Getzlaf.
19:04 of 3rd period - Shot Misses the Net.
19:10 of 3rd period - Shot by Ryan Getzlaf.
19:10 of 3rd period - Stopped by Charlie Lindgren without a rebound.
19:11 of 3rd period - Joel Ward wins face-off versus Sean Monahan in VEGAS Golden Knights zone.
19:11 of 3rd period - Joel Ward is hit by James van Riemsdyk.
19:40 of 3rd period - Joel Ward is hit by Morgan Rielly and loses puck.
Goals for this period are 0 for VEGAS Golden Knights vs 3 for MINNESOTA Wild.
Shots for this period are 5 for VEGAS Golden Knights vs 19 for MINNESOTA Wild.